 Dungeon Crawl Stone Soup version 0.27-a0-1188-g73eefd5def (webtiles) character file.

Game seed: 398669934188571106

134770 deadleaves the Warrior (level 16, -2/145 HPs)
             Began as a Palentonga Abyssal Knight on May 19, 2021.
             Was a High Priest of Lugonu.
             Slain by a +5 long sword of freezing (14 damage)
             ... on level 1 of the Elven Halls on May 22, 2021.
             The game lasted 03:32:45 (25203 turns).

deadleaves the Warrior (Palentonga Abyssal Knight) Turns: 25203, Time: 03:32:45

Health: -2/145     AC: 24    Str: 25    XL:     16   Next: 33%
Magic:  9/27       EV: 13    Int: 20    God:    Lugonu [*****.]
Gold:   1488       SH:  0    Dex: 13    Spells: 5/27 levels left

rFire    . . .     SeeInvis +   S - +6 great sword (distort)
rCold    . . .     Faith    .   (shield currently unavailable)
rNeg     . . .     Spirit   .   y - +2 leather armour of the Forest {rPois Will+ Int+4}
rPois    +         Reflect  .   r - +2 helmet
rElec    .         Harm     .   t - +2 cloak
rCorr    .         Rampage  .   V - +2 pair of gloves {Dex+3}
Will     ++...                  (no barding)
Stlth    +.........             d - amulet of regeneration
HPRegen  1.34/turn              k - +6 ring of strength
MPRegen  0.20/turn              E - +4 ring of evasion

@: studying Fighting, curled up
A: large, rugged brown scales 3, see invisible, deformed body, roll 1, armoured
tail, reflexive curl, sense surroundings 1
}: 1/15 runes: decaying
a: Rolling Charge, Renounce Religion, Depart the Abyss, Bend Space, Banish,
Corrupt, Enter the Abyss


You were on level 1 of the Elven Halls.
You worshipped Lugonu.
Lugonu was extremely pleased with you.
You visited 5 branches of the dungeon, and saw 24 of its levels.
You visited the Abyss 1 time.
You also visited: Sewer and Volcano.

You collected 2673 gold pieces.
You spent 1185 gold pieces at shops.

Inventory:

Hand Weapons
 S - a +6 great sword of distortion (weapon)
Missiles
 p - 6 atropa-tipped darts
 D - 5 curare-tipped darts
Armour
 r - a +2 helmet (worn)
 t - a +2 cloak (worn)
 y - the +2 leather armour of the Forest (worn) {rPois Will+ Int+4}
   (You found it on level 5 of the Dungeon)

   It affects your intelligence (+4).
   It protects you from poison.
   It increases your willpower.
 V - a +2 pair of gloves of dexterity (worn)
Jewellery
 a - an amulet of faith
 b - a ring of protection from fire
 d - an amulet of regeneration (around neck)
 g - a ring of magical power
 k - a +6 ring of strength (left hand)
 q - a ring of fire
 E - a +4 ring of evasion (right hand)
 J - a +4 ring of slaying
 L - an amulet of magic regeneration
Wands
 v - a wand of digging (12)
 z - a wand of mindburst (43)
 C - a wand of acid (12)
 K - a wand of flame (11)
 O - a wand of charming (16)
 P - a wand of polymorph (16)
 R - a wand of iceblast (34)
Scrolls
 e - 2 scrolls of fog
 i - 2 scrolls of immolation
 l - 3 scrolls of teleportation
 s - 4 scrolls of fear
 w - a scroll of silence
 F - 5 scrolls of amnesia
 M - a scroll of magic mapping
 T - a scroll of enchant armour
 U - 2 scrolls of identify
Potions
 c - 4 potions of lignification
 f - a potion of ambrosia
 h - 5 potions of flight
 j - 3 potions of cancellation
 n - 2 potions of magic
 u - 2 potions of invisibility
 x - 6 potions of curing
 A - a potion of berserk rage
 B - a potion of haste
 I - 2 potions of heal wounds
 N - a potion of mutation
 Q - 2 potions of might
 W - 3 potions of brilliance
Miscellaneous
 o - a tin of tremorstones (2/2)
 G - a phantom mirror
 H - a piece from Xom's chessboard (15/15)


   Skills:
 + Level 15.1 Fighting
 - Level 5.4(8.8) Short Blades
 + Level 10.6(11.1) Long Blades
 - Level 5.5 Armour
 - Level 0.7 Dodging
 - Level 6.0 Spellcasting
 - Level 7.0 Hexes
 - Level 8.0 Summonings
 - Level 7.5 Necromancy
 - Level 6.0 Air Magic
 - Level 15.0 Invocations
 - Level 4.3 Evocations


You had 5 spell levels left.
You knew the following spells:

 Your Spells              Type           Power      Damage    Failure   Level
a - Confusing Touch       Hex            34%        N/A       1%          3
b - Summon Lightning Spi  Summ/Air       34%        N/A       6%          4
c - Tukima's Dance        Hex            34%        N/A       1%          3
d - Vampiric Draining     Necr           18%        2d8       1%          3
e - Animate Dead          Necr           18%        N/A       5%          4
f - Agony                 Necr           36%        N/A       14%         5

Your spell library contained the following spells:

 Spells                   Type           Power      Damage    Failure   Level
 Animate Skeleton         Necr           72%        N/A       1%          1
 Corona                   Hex            37%        N/A       1%          1
 Pain                     Necr           100%       1d9       1%          1
 Summon Small Mammal      Summ           100%       N/A       1%          1
 Call Imp                 Summ           38%        N/A       1%          2
 Call Canine Familiar     Summ           38%        N/A       1%          3
 Summon Guardian Golem    Hex/Summ       36%        N/A       1%          3
 Ensorcelled Hibernation  Hex/Ice        40%        N/A       4%          2
 Dazzling Flash           Conj/Hex       40%        N/A       9%          3
 Beastly Appendage        Tmut           12%        N/A       12%         1
 Freeze                   Ice            24%        1d5       12%         1
 Wereblood                Tmut           6%         N/A       17%         2
 Summon Ice Beast         Ice/Summ       22%        N/A       22%         4
 Frozen Ramparts          Ice            12%        1d3       34%         3
 Ozocubu's Armour         Ice            6%         N/A       34%         3
 Spider Form              Tmut/Pois      3%         N/A       34%         3
 Metabolic Englaciation   Hex/Ice        10%        N/A       58%         5
 Hailstorm                Conj/Ice       6%         3d4       75%         4
 Ice Form                 Ice/Tmut       6%         N/A       75%         4
 Hydra Form               Tmut           3%         N/A       97%         5


Dungeon Overview and Level Annotations

Branches:
Dungeon (11/15)            Temple (0/1) D:7            Lair (6/6) D:8
  Swamp (4/4) Lair:4       Spider (0/4) Lair:4        Slime (0/5) Lair:5
    Orc (2/2) D:11            Elf (1/3) Orc:2         Sewer (visited)
Volcano (visited)

Altars:
Ashenzari
Fedhas
Okawaru
Ru
Trog
Beogh
Jiyva

Shops:
D:3 ?:   D:5 [   Orc:2 !(?=   Elf:1 [

Annotations:
D:7 1 runed translucent door
D:10 exclusion: oklob plant
Lair:5 corrupted
Swamp:1 2 transporters, rjrrt's ghost, adept TrBe
Swamp:3 corrupted
Swamp:4 1 runed translucent door, corrupted, Shayle's ghost, adept DsWr
Orc:1 corrupted
Elf:1 corrupted


Innate Abilities, Weirdness & Mutations

You are completely covered in rugged brown scales. (AC +3, +7% HP)
You have supernaturally acute eyesight. (SInv)
Armour fits poorly on your strangely shaped body.
You can roll at nearby foes to attack.
You have a long armoured tail.
You curl defensively after being hit.
You passively map a small area around you.


Message History

A starcursed mass splits.
The +5 long sword of freezing writhes in pain as voices assail its mind.
The starcursed mass shudders and is absorbed by its neighbour.
The thrashing horror tramples the fire elemental.
The fire elemental holds its ground!
The thrashing horror tramples the fire elemental.
The fire elemental holds its ground!
Something tramples the fire elemental.
The fire elemental holds its ground!
Something tramples the fire elemental.
The fire elemental holds its ground!
The quicksilver dragon simulacrum misses the +3 flail of protection.
The quicksilver dragon simulacrum completely misses the +3 flail of protection.
The deep elf knight hits you with a +0 long sword!
* * * LOW HITPOINT WARNING * * *
The +5 long sword of freezing hits you but does no damage.
The rust devil hits the fire elemental.
The rust devil corrodes the fire elemental!
The shadow wraith hits the deep elf knight!!
The starcursed mass is engulfed in blazing flames.
A starcursed mass splits.
The starcursed mass shudders and is absorbed by its neighbour.
Aiming: Mindburst
Press: ? - help, Shift-Dir - straight line, f - deep elf knight
Aim: a deep elf knight, wielding a +0 long sword (heavily wounded, fast, chance to affect: 32%)
Okay, then.
Unknown command.
Space bends sharply around you!
The deep elf knight blinks!
The +5 long sword of freezing blinks!
You blink.
Something barely misses the deep elf knight.
Aiming: Corrosive Bolt
Press: ? - help, Shift-Dir - straight line, f - +5 long sword of freezing
Aim: a +5 long sword of freezing (severely damaged, covered in acid, 48% to hit)
Okay, then.
Unknown command.
Press: ? - help, v - describe, . - travel
Here: a +5 long sword of freezing (severely damaged, covered in acid)
The floor.
Okay, then.
As you read the scroll of summoning, it crumbles to dust.
Wisps of shadow whirl around you... The +5 long sword of freezing hits you!
You die...

.. , ##+##.#
**##.###.######.##.##
##...#.##.. .......#
##......##.#*#....#.#
##.......#..##....#.#.
#.........####4xh...#.
#.........e.(E#......#
#.....(...#W§(X..#....
#...@...#..#..E○#○..§
##.ee...##X#Z#.#.5...
##...####....X.#...#
###.. .####hX...##
#.#.X *#..#.# #### *
#..# # #####..###
*#..X.....#
#.###.#..##


You could see a deep elf knight (fast), 2 dancing weapons and 2 friendly deep
elf archers.

Vanquished Creatures
  Kirke (Lair:5)
  A dire elephant (Lair:6)
  3 bunyips
  An eleionoma (Swamp:1)
  Snorg (Lair:6)
  13 hydras
  Harold (Lair:2)
  Erolcha (D:9)
  3 ghost crabs
  A dancing weapon (Elf:1)
  4 alligators
  A two-headed ogre (D:9)
  11 death yaks
  An orc high priest (Orc:2)
  3 goliath frogs
  2 deep elf archers (Elf:1)
  A lindwurm (Volcano)
  A wizard (D:11)
  2 bog bodies (Lair:4)
  2 swamp dragons
  A harpy (shapeshifter) (D:10)
  2 deep elf pyromancers (Elf:1)
  5 deep elf zephyrmancers (Elf:1)
  3 orc knights (Orc:2)
  An ugly thing (D:11)
  A cyclops (D:11)
  2 orc sorcerers (Orc:1)
  3 black mambas
  5 elephants
  A torpor snail (Lair:4)
  16 cane toads
  2 gargoyles (D:7)
  4 kobold demonologists
  8 komodo dragons
  An unseen horror (D:7)
  2 rime drakes
  A bloated husk (Swamp:1)
  8 tyrant leeches
  A troll (Orc:1)
  A polar bear (Lair:1)
  4 hornets
  17 blink frogs
  8 dream sheep
  5 spriggans
  45 yaks
  A wraith (D:9)
  3 wyverns
  4 hogs
  6 fire bats (Volcano)
  2 basilisks
  2 steam dragons (Volcano)
  17 vampire mosquitoes
  3 wargs (D:11)
  2 acid dragons
  7 swamp worms
  11 water moccasins
  A hell hound (Volcano)
  4 swamp drakes
  4 black bears
  24 orc warriors
  4 sky beasts
  A necrophage (D:7)
  15 wolves
  15 centaurs
  A phantom (D:4)
  7 nameless horrors
  5 kobold brigands
  14 bullfrogs
  A gnoll sergeant (D:11)
  A water moccasin zombie (D:5)
  A water moccasin skeleton (D:6)
  A wight (D:7)
  An electric eel (D:9)
  A howler monkey (D:7)
  4 centaur zombies
  3 lava snakes (Volcano)
  3 centaur skeletons
  7 orc priests
  3 hounds
  A jelly (D:8)
  A bullfrog skeleton (D:4)
  A gnoll shaman (D:7)
  3 iguanas
  Terence (D:2)
  Jessica (D:2)
  13 orc wizards
  2 killer bee zombies
  2 hound skeletons (D:4)
  A howler monkey zombie (D:11)
  6 gnolls
  A howler monkey skeleton (D:4)
  9 adders
  4 river rats
  An ufetubus (D:7)
  A worm (D:5)
  A dart slug (D:2)
  42 orcs
  7 bats
  2 endoplasms
  5 giant cockroaches
  3 goblins
  8 hobgoblins
  4 jackals
  2 quokkas
  6 ball pythons
  4 frilled lizards (D:2)
  18 kobolds
  7 rats
  2 bushes
539 creatures vanquished.

Vanquished Creatures (collateral kills)
  2 bunyips (Swamp:1)
  An eleionoma (Swamp:2)
  4 hydras
  A catoblepas (Lair:6)
  A deep troll shaman (Lair:6)
  3 death yaks
  A spriggan berserker (Swamp:3)
  Nergalle (Lair:2)
  A fire crab (Volcano)
  A spriggan druid (Swamp:1)
  A swamp dragon (Swamp:1)
  A bog body (Swamp:3)
  A lindwurm (Lair:4)
  6 elephants
  A torpor snail (Lair:4)
  A black mamba (Lair:6)
  3 cane toads
  A molten gargoyle (Volcano)
  2 komodo dragons (Lair:4)
  A kobold demonologist (D:9)
  2 trolls (Orc:2)
  A tyrant leech (Swamp:2)
  7 blink frogs
  3 dream sheep
  3 wyverns
  2 spriggans
  15 yaks
  A tarantella (Lair:4)
  2 hogs
  A steam dragon (Volcano)
  2 vampire mosquitoes (Swamp:1)
  2 swamp worms (Swamp:2)
  A hell hound (Volcano)
  3 water moccasins
  6 orc warriors (Orc:2)
  4 swamp drakes
  A wolf (Lair:6)
  2 centaurs
  3 ogres (Orc:1)
  2 bullfrogs
  2 howler monkeys (D:9)
  3 lava snakes (Volcano)
  3 orc wizards
  14 orcs
  A starspawn tentacle (Lair:5)
120 creatures vanquished.

Vanquished Creatures (others)
  An orc warlord (Orc:1)
  A bunyip (Swamp:3)
  An eleionoma (Swamp:4)
  10 hydras
  An ice dragon (Lair:5)
  4 alligators
  3 spriggan druids
  2 orc knights (Orc:1)
  6 swamp dragons
  A deep elf pyromancer (Elf:1)
  A will-o-the-wisp (Swamp:4)
  An orc sorcerer (Orc:1)
  5 elephants (Lair:5)
  A cane toad (Lair:5)
  A black mamba (Lair:5)
  2 tyrant leeches (Swamp:3)
  2 polar bears (Lair:5)
  A hornet (Swamp:3)
  4 yaks (Lair:5)
  A spriggan (Swamp:3)
  6 dancing weapons
  A warg (Orc:1)
  5 swamp drakes (Swamp:4)
  12 orc warriors (Orc:1)
  2 ogres (Orc:1)
  3 wolves (Lair:5)
  A centaur (Orc:2)
  4 orc priests (Orc:1)
  6 orc wizards (Orc:1)
  22 orcs (Orc:1)
  A bush (Lair:5)
  2 foxfires (Swamp:4)
  56 fungi
  67 plants
  42 starspawn tentacles
  15 toadstools (D:10)
294 creatures vanquished.

Grand Total: 953 creatures vanquished

Notes
Turn   | Place    | Note
-------+----------+-------------------------------------------
     0 | Abyss:1  | deadleaves the Palentonga Abyssal Knight began the quest
                  | for the Orb.
     0 | Abyss:1  | Reached XP level 1. HP: 19/19 MP: 2/2
    47 | Abyss:1  | Noticed a ynoxinul
    52 | Abyss:1  | Noticed a neqoxec
    57 | Abyss:1  | Gained mutation: You occasionally shout uncontrollably at
                  | your foes. [a neqoxec]
    59 | D:1      | Escaped the Abyss
   156 | D:1      | Found a faded altar of an unknown god.
   252 | D:1      | Reached XP level 2. HP: 25/25 MP: 3/3
   258 | D:1      | Reached * piety under Lugonu
  1189 | D:2      | Noticed Terence
  1221 | D:2      | Killed Terence
  1222 | D:2      | Reached XP level 3. HP: 20/32 MP: 5/5
  1323 | D:2      | Reached XP level 4. HP: 39/39 MP: 6/6
  1389 | D:2      | Noticed Jessica
  1391 | D:2      | Killed Jessica
  1911 | D:3      | Noticed a kobold brigand
  1920 | D:3      | Killed a kobold brigand
  1921 | D:3      | Reached XP level 5. HP: 37/44 MP: 7/7
  2122 | D:3      | Found Siockuas's Book Boutique.
  2188 | D:3      | Found Zepnoclupya's Magic Scroll Boutique.
  2200 | D:3      | Bought a scroll of enchant armour for 90 gold pieces
  2269 | D:3      | Reached ** piety under Lugonu
  2428 | D:4      | Identified the +6 dagger "Todoa" {elec, Dex+3}
  2651 | D:4      | Reached XP level 6. HP: 51/51 MP: 9/9
  2691 | D:4      | Reached skill level 5 in Invocations
  2707 | D:4      | Found a glowing drain.
  2991 | D:4      | Gained mutation: You curl defensively after being hit.
                  | [Palentonga growth]
  2991 | D:4      | Reached XP level 7. HP: 57/57 MP: 11/11
  3316 | D:5      | Entered Level 5 of the Dungeon
  3321 | D:5      | Found Fitraxt's Armour Boutique.
  3331 | D:5      | Bought a +0 helmet for 49 gold pieces
  3407 | D:5      | Found a glowing drain.
  3411 | Sewer    | Entered a sewer
  3531 | D:5      | Reached *** piety under Lugonu
  3609 | D:5      | Identified the +2 leather armour of the Forest {rPois Will+
                  | Int+4}
  3858 | D:5      | Reached skill level 1 in Short Blades
  4252 | D:6      | Reached XP level 8. HP: 64/64 MP: 13/13
  4703 | D:6      | Found a broken altar of Ashenzari.
  4704 | D:6      | Found a sacrificial altar of Ru.
  4776 | D:7      | Noticed a troll
  4779 | D:7      | Banished a troll
  5024 | D:7      | Found an iron altar of Okawaru.
  5065 | D:7      | Reached XP level 9. HP: 49/69 MP: 11/16
  5120 | D:7      | Noticed a seven-headed hydra
  5121 | D:7      | Noticed a kobold demonologist
  5121 | D:7      | Noticed a cyclops
  5121 | D:7      | Noticed a boulder beetle
  5122 | D:7      | Noticed a four-headed hydra
  5122 | D:7      | Noticed an unseen horror
  5126 | D:7      | Found a runed translucent door.
  5141 | D:7      | Banished a seven-headed hydra
  5142 | D:7      | Reached skill level 5 in Armour
  5142 | D:7      | Reached skill level 10 in Invocations
  5144 | D:7      | Banished a boulder beetle
  5145 | D:7      | Reached skill level 5 in Short Blades
  5147 | D:7      | Banished a four-headed hydra
  5148 | D:7      | Reached XP level 10. HP: 78/78 MP: 5/18
  5158 | D:7      | Reached skill level 5 in Fighting
  5203 | D:7      | Noticed a gargoyle
  5213 | D:7      | Noticed a skeletal warrior
  5223 | D:7      | Killed a gargoyle
  5447 | D:7      | Noticed a gargoyle
  5449 | D:7      | Identified the +3 longbow "Loth" {speed, rPois}
  5451 | D:7      | Banished a cyclops
  5472 | D:7      | Killed a gargoyle
  5490 | D:7      | Learned a level 3 spell: Call Canine Familiar
  5495 | D:7      | Learned a level 4 spell: Summon Lightning Spire
  5673 | D:7      | Found a staircase to the Ecumenical Temple.
  5899 | D:8      | Reached skill level 1 in Summonings
  5917 | D:8      | Reached skill level 1 in Spellcasting
  5992 | D:8      | Reached skill level 1 in Air Magic
  6594 | D:8      | Found a staircase to the Lair.
  6744 | Lair:1   | Entered Level 1 of the Lair of Beasts
  6749 | Lair:1   | Identified the +1 robe of Gurezugous {rPois rN+ Will-}
  6761 | Lair:1   | Noticed an eight-headed hydra
  6767 | Lair:1   | Banished an eight-headed hydra
  6768 | Lair:1   | Reached XP level 11. HP: 86/86 MP: 11/20
  6789 | Lair:1   | Noticed a four-headed hydra
  6796 | Lair:1   | Banished a four-headed hydra
  7102 | Lair:1   | Noticed a nameless horror
  7159 | Lair:1   | Killed a nameless horror
  7524 | Lair:1   | Reached skill level 5 in Summonings
  7800 | Lair:2   | Reached **** piety under Lugonu
  8053 | Lair:2   | Noticed a seven-headed hydra
  8054 | Lair:2   | Banished a seven-headed hydra
  8107 | Lair:2   | Noticed Nergalle
  8117 | Lair:2   | Killed Nergalle
  8166 | Lair:2   | Reached XP level 12. HP: 62/94 MP: 21/21
  8209 | Lair:2   | Noticed Harold
  8233 | Lair:2   | Killed Harold
  8234 | Lair:2   | Reached skill level 5 in Spellcasting
  8420 | Lair:2   | Noticed a six-headed hydra
  8434 | Lair:2   | Killed a six-headed hydra
  8615 | Lair:2   | Reached skill level 5 in Air Magic
  9846 | Lair:4   | Noticed a six-headed hydra
  9850 | Lair:4   | Killed a six-headed hydra
  9851 | Lair:4   | Noticed a four-headed hydra
  9861 | Lair:4   | Killed a four-headed hydra
  9912 | Lair:4   | Reached ***** piety under Lugonu
 10005 | Lair:4   | Found a staircase to the Swamp.
 10103 | Lair:4   | Found a dark tunnel.
 10117 | Lair:4   | Noticed a death yak
 10122 | Volcano  | Entered a volcano
 10320 | Volcano  | Found a radiant altar of Vehumet.
 10332 | Volcano  | Reached XP level 13. HP: 83/108 MP: 18/22
 10667 | D:3      | Bought a book of Maledictions for 275 gold pieces
 10667 | D:3      | Bought a book of Necromancy for 330 gold pieces
 10671 | D:3      | Learned a level 3 spell: Confusing Touch
 10675 | D:3      | Learned a level 3 spell: Tukima's Dance
 10679 | D:3      | Learned a level 3 spell: Vampiric Draining
 10684 | D:3      | Learned a level 4 spell: Animate Dead
 10690 | D:3      | Learned a level 5 spell: Agony
 11155 | Lair:4   | Found a hole to the Spider Nest.
 11487 | Lair:5   | Found a staircase to the Slime Pits.
 11506 | Lair:5   | Found a viscous altar of Jiyva.
 11506 | Lair:5   | Noticed Kirke
 11514 | Lair:4   | Reached skill level 10 in Fighting
 11916 | Lair:5   | Reached XP level 14. HP: 120/120 MP: 19/23
 11985 | Lair:5   | Reached skill level 5 in Hexes
 11985 | Lair:5   | Reached skill level 5 in Necromancy
 12158 | Lair:5   | Killed Kirke
 12205 | Lair:5   | Found a frozen archway.
 12216 | Lair:5   | Corrupted Lair:5
 12216 | Lair:5   | Noticed a tentacled starspawn
 12231 | Lair:5   | Noticed a bone dragon
 13066 | Lair:6   | Entered Level 6 of the Lair of Beasts
 13798 | Lair:6   | Noticed Snorg
 13808 | Lair:6   | Killed Snorg
 13882 | Lair:6   | Reached ****** piety under Lugonu
 14286 | Lair:6   | Identified the +4 ring mail of Axke {Rampage rC+ Str-5
                  | Slay+5}
 14347 | Lair:5   | Reached XP level 15. HP: 22/127 MP: 13/25
 14356 | Lair:5   | HP: 6/127 [poisoned by a cane toad]
 15442 | Lair:6   | Reached skill level 15 in Invocations
 16396 | D:9      | Reached skill level 1 in Evocations
 16541 | D:9      | Noticed Erolcha
 16547 | D:9      | Killed Erolcha
 16922 | D:10     | Entered Level 10 of the Dungeon
 17166 | D:10     | Found a blossoming altar of Fedhas.
 17890 | D:11     | Found a staircase to the Orcish Mines.
 17906 | Orc:1    | Entered Level 1 of the Orcish Mines
 17976 | Orc:1    | Noticed an orc warlord
 17977 | Orc:1    | Corrupted Orc:1
 17977 | Orc:1    | Noticed a tentacled starspawn
 17977 | Orc:1    | Noticed a tentacled starspawn
 17977 | Orc:1    | Noticed a lich
 17996 | Orc:1    | Killed an orc warlord
 18018 | Orc:1    | Noticed a lich
 18094 | Orc:1    | Noticed a tentacled starspawn
 18122 | Orc:1    | Identified a +5 great sword of distortion (a +3 great sword
                  | corrupted by Lugonu)
 18122 | Orc:1    | Received a gift from Lugonu
 18135 | Orc:2    | Entered Level 2 of the Orcish Mines
 18135 | Orc:2    | Found a staircase to the Elven Halls.
 18393 | Orc:1    | Reached skill level 5 in Long Blades
 18460 | Orc:1    | Paralysed by an orc sorcerer for 3 turns
 18933 | Orc:2    | Found Wuhiulyo's Antique Weapon Emporium.
 18933 | Orc:2    | Found Pokodd's Magic Scroll Shop.
 18935 | Orc:2    | Found Etylle Sace's Distillery.
 18937 | Orc:2    | Found Detoan Fofy's Jewellery Boutique.
 18951 | Orc:2    | Bought a scroll of enchant armour for 105 gold pieces
 18954 | Orc:2    | Bought a potion of heal wounds for 80 gold pieces
 18954 | Orc:2    | Bought a potion of curing for 48 gold pieces
 18954 | Orc:2    | Bought a potion of mutation for 128 gold pieces
 18954 | Orc:2    | Bought a potion of heal wounds for 80 gold pieces
 18954 | Orc:2    | Lost mutation: You occasionally shout uncontrollably at
                  | your foes. [potion of mutation]
 18954 | Orc:2    | Gained mutation: You are dopey. (Int -2) [potion of
                  | mutation]
 18954 | Orc:2    | Lost mutation: You are dopey. (Int -2) [potion of mutation]
 18954 | Orc:2    | Gained mutation: You passively map a small area around you.
                  | [potion of mutation]
 20490 | Swamp:1  | Entered Level 1 of the Swamp
 20887 | Swamp:1  | Upgraded the game from 0.27-a0-1186-g8b4daa1eef to
                  | 0.27-a0-1188-g73eefd5def
 20961 | Swamp:1  | Noticed rjrrt's ghost (adept TrBe)
 20968 | Swamp:1  | Found a bloodstained altar of Trog.
 20977 | Swamp:1  | Found a transporter.
 21077 | Swamp:1  | Found a transporter.
 22773 | Swamp:3  | Reached XP level 16. HP: 128/141 MP: 22/27
 23131 | Swamp:3  | Corrupted Swamp:3
 23131 | Swamp:3  | Noticed a tentacled starspawn
 23131 | Swamp:3  | Noticed a tentacled starspawn
 23131 | Swamp:3  | Noticed a bone dragon
 23132 | Swamp:3  | Noticed a tentacled starspawn
 23132 | Swamp:3  | Noticed a bone dragon
 23138 | Swamp:3  | Noticed a lich
 23139 | Swamp:3  | Noticed a tentacled monstrosity
 23140 | Swamp:3  | Noticed a tentacled starspawn
 23185 | Swamp:3  | Noticed a tentacled starspawn
 23601 | Swamp:4  | Entered Level 4 of the Swamp
 23632 | Swamp:4  | Found a runed translucent door.
 23639 | Swamp:4  | Noticed Shayle's ghost (adept DsWr)
 23825 | Swamp:4  | Reached skill level 10 in Long Blades
 24251 | Swamp:4  | Corrupted Swamp:4
 24251 | Swamp:4  | Noticed a bone dragon
 24251 | Swamp:4  | Noticed a tentacled starspawn
 24357 | Swamp:4  | Got a decaying rune of Zot
 24714 | Elf:1    | Entered Level 1 of the Elven Halls
 24829 | Elf:1    | Reached skill level 15 in Fighting
 24886 | Elf:1    | Found Tireomnoq's Antique Armour Boutique.
 25198 | Elf:1    | Corrupted Elf:1
 25199 | Elf:1    | Noticed a tentacled starspawn
 25203 | Elf:1    | Slain by a +5 long sword of freezing

Illustrated notes

Levels and vault maps discovered:
D:1:      saegor_arrival_simple_c, layout_basic,
          hellmonk_ecumenical_altar_crossroads
D:2:      layout_loops_ring, corexii_item_surrounded_by_moat, amethyst_killhole,
          uniq_jessica, uniq_terence
D:3:      layout_basic, serial_shops, nicolae_shop_behind_doors, shop
D:4:      layout_loops_cross, gup_sewer_entry_bubbles
D:5:      layout_basic, portal_sewer_entry_a, serial_shops, shop,
          abandoned_shop, corner_web_ring, serial_bayou_pond_e
D:6:      layout_basic, gammafunk_temple_overflow_statue
D:7:      minmay_the_grid_triangle_9x9_rhombus_thin
          [minmay_the_grid_triangle_9x9_subtriangle,
          minmay_the_grid_triangle_9x9_prize_insulated,
          minmay_the_grid_triangle_9x9_alien,
          minmay_the_grid_triangle_9x9_flanged_cone], layout_gridville,
          okawaru_gym_becter, minmay_temple_entry_wispy
D:8:      layout_loops_corners, grunt_lair_entry_orc_guard_hut
D:9:      cheibrodos_helix_gallery, layout_cave_pools, minmay_statues_item,
          kennysheep_generic_room_11, uniq_erolcha
D:10:     layout_long_grid, tgw_fedhas
D:11:     cheibrodos_wizards_tower, layout_gridville,
          minmay_orc_entry_guard_dogs
Lair:1:   layout_chaotic_city, grunt_megastairs_2, lemuel_fruit_fields
Lair:2:   layout_roguey, beast_lair_carwin_2, uniq_harold, uniq_nergalle
Lair:3:   layout_roguey, grunt_megastairs_5, serial_bayou_shore_b
Lair:4:   layout_regular_city, skrybe_swamp_entry_bodies,
          spider_nest_entry_rubble, enter_volcano_1, st_stairs_8,
          beast_lair_carwin_4, grunt_megastairs_3
Lair:5:   layout_misc_corridors, slime_altar_1,
          portal_ice_cave_entry_animals_and_master, grunt_megastairs_1,
          uniq_kirke
Lair:6:   grunt_lair_end_beastmaster, layout_loops_ring,
          grunt_forest_large_clearing_hut, uniq_snorg
Swamp:1:  layout_basic_swamp, gammafunk_ghost_wrathful_warriors,
          evilmike_swamp_ruin_house_6, swamp_pool5, nicolae_swamp_dense_foliage
Swamp:2:  layout_basic_swamp, evilmike_swamp_ruin_house_1
Swamp:3:  layout_basic_swamp, infiniplex_staircase_pool_2
Swamp:4:  swamp, layout_basic_swamp, ebering_ghost_reflecting_pool
Orc:1:    layout_caves, mines2_david
Orc:2:    st_orc_rangers, layout_diamond_mine
Elf:1:    minmay_elf_arrival_summoners, layout_loops_corners, serial_shops,
          shop, orc_legates, minivault_28

Skill      XL: |  1  2  3  4  5  6  7  8  9 10 11 12 13 14 15 16 |
---------------+-------------------------------------------------+-----
Invocations    | 3 4 6 7 9 11 13 14 15 | 15.0
Fighting       | 4 6 9 11 13 15 | 15.1
Long Blades    | 4 9 10 | 10.6
Armour         | 2 3 4 5 |  5.5
Short Blades   | 1 3 5 |  5.4
Summonings     | 2 6 8 |  8.0
Spellcasting   | 1 4 6 |  6.0
Air Magic      | 1 4 6 |  6.0
Hexes          | 4 7 |  7.0
Necromancy     | 4 7 |  7.5
Evocations     | 4 |  4.3
Dodging        | |  0.7

Action                   |  1- 3 |  4- 6 |  7- 9 | 10-12 | 13-15 | 16-18 || total
-------------------------+-------+-------+-------+-------+-------+-------++-------
Melee: Falchion          |    79 |    64 |       |       |       |       ||   143
       Tailslap          |     9 |    15 |    26 |    83 |   150 |    14 ||   297
       Dagger            |       |    58 |   155 |   468 |   552 |       ||  1233
       Great sword       |       |       |       |       |   225 |   101 ||   326
 Cast: Call Canine Famil |       |       |       |     8 |       |       ||     8
       Summon Lightning  |       |       |       |    29 |   104 |    21 ||   154
       Animate Dead      |       |       |       |       |    38 |     1 ||    39
       Vampiric Draining |       |       |       |       |    24 |    13 ||    37
       Confusing Touch   |       |       |       |       |     4 |       ||     4
       Tukima's Dance    |       |       |       |       |    24 |     1 ||    25
       Agony             |       |       |       |       |     3 |     6 ||     9
Invok: Depart the Abyss  |     1 |       |       |       |       |       ||     1
       Bend Space        |       |    13 |    26 |    38 |    60 |    21 ||   158
       Banish            |       |       |     4 |     5 |     1 |     1 ||    11
       Corrupt           |       |       |       |       |     2 |     3 ||     5
       Brand Weapon With |       |       |       |       |     1 |       ||     1
 Abil: Rolling Charge    |    28 |    39 |    57 |    98 |   166 |    47 ||   435
Evoke: Phantom mirror    |       |       |       |     1 |     1 |       ||     2
       Wand              |       |       |       |       |    11 |     8 ||    19
  Use: Scroll            |     4 |     1 |     3 |     8 |    16 |     3 ||    35
       Potion            |       |     1 |       |     3 |     5 |     4 ||    13
 Stab: Distracted        |       |       |       |     9 |    14 |     2 ||    25
       Confused          |       |       |       |       |     2 |       ||     2
       Petrified         |       |       |       |       |     6 |       ||     6
Armor: Leather armour    |    33 |    42 |   101 |   151 |   706 |   103 ||  1136
       Robe              |       |       |    18 |       |       |       ||    18
Dodge: Dodged            |    23 |    44 |    96 |   134 |   504 |    99 ||   900
       Rpst.: Falchion   |    11 |     8 |       |       |       |       ||    19
       Great sword       |       |       |       |       |    47 |    13 ||    60

Table legend: (Time is in decaauts)
 A = Elapsed time spent in this place.
 B = Non-inter-level travel time spent in this place.
 C = Inter-level travel time spent in this place.
 D = Time resting spent in this place.
 E = Time spent auto-exploring this place.
 F = Levels seen in this place.
 G = Mean time per level.
                   A        B        C        D        E       F      G
               +--------+--------+--------+--------+--------+-----+--------+
         Total |  25384 |  23825 |   1559 |   4475 |  11916 |  27 |  940.1 |
       Dungeon |   9487 |   8672 |    815 |    340 |   6265 |  11 |  862.5 |
          Lair |   9038 |   8450 |    588 |   2612 |   3124 |   6 | 1506.3 |
         Swamp |   4148 |   4003 |    145 |   1047 |   1791 |   4 | 1037.0 |
  Orcish Mines |   1778 |   1767 |     11 |    419 |    611 |   2 |  889.0 |
   Elven Halls |    493 |    493 |      0 |     39 |    125 |   1 |  493.0 |
         Abyss |     59 |     59 |      0 |      0 |      0 |   1 |   59.0 |
         Sewer |    121 |    121 |      0 |     16 |      0 |   1 |  121.0 |
       Volcano |    257 |    257 |      0 |      2 |      0 |   1 |  257.0 |
               +--------+--------+--------+--------+--------+-----+--------+

Top non-repeatable levels by time:
  Lair:5: 2223 daAuts
  Lair:6: 1883 daAuts
  Lair:4: 1598 daAuts
 Swamp:1: 1310 daAuts
     D:8: 1197 daAuts
  Lair:1: 1163 daAuts
 Swamp:2: 1156 daAuts
  Lair:2: 1115 daAuts
  Lair:3: 1054 daAuts
     D:7: 1028 daAuts
     D:4: 1013 daAuts
   Orc:1: 999 daAuts
    D:11: 926 daAuts
     D:1: 923 daAuts
 Swamp:4: 871 daAuts
